AoeStats
← Fideos+Salsa

Arena

509959162Analyzed
1v1 RM · 2d ago on Sep 28, 2026· 23m 14s· 2 players
Game mode
Random Map
Map size
Tiny (2 player)
Population
200
Speed
Normal
Resources
Standard
Victory
Conquest
Starting age
Dark Age
Ending age
Imperial Age
RankedLock teamsTeams togetherTeam positionsShared explorationLock speedFull tech treeHidden civsTurbo modeCheats
Victory
Defeat
🇦🇷 Inca · Argentina
679
+14
🇨🇱 Italians · Chile
639
-20
Fideos+Salsa
0:45 Loom
22:22 Feudal Age
Sr. Matanza
11:28 Feudal Age
17:01 Castle Age
15:22 Loom
15:27 Double-Bit Axe
15:36 Gold Mining
18:07 Champi Runner
18:53 Squires
19:17 Arson
20:12 Champi Warrior
23:52 Forging
23:43 Scale Mail Armor
Connection lost

Rejoining the realm…

Still unreachable

The connection could not be restored.

Session expired

The server has moved on; the page needs a fresh start.